 Dungeon Crawl Stone Soup version 0.32-a0-933-ga8fa363 (webtiles) character file.

Game seed: 11605632722124375159

11855 znke the Carver (level 11, -2/90 HPs)
             Began as a Coglin Ice Elementalist on Apr 14, 2024.
             Was a High Priest of Cheibriados.
             Slain by a skyshark (7 damage)
             ... on level 2 of the Lair of Beasts.
             The game lasted 00:19:26 (11248 turns).

znke the Carver (Coglin Ice Elementalist)          Turns: 11248, Time: 00:19:26

Health: -2/90      AC: 24    Str: 21    XL:     11   Next: 84%
Magic:  12/17      EV: 16    Int: 29    God:    Cheibriados [*****.]
Gold:   153        SH:  0    Dex: 31    Spells: 2/18 levels left

rFire   . . .        a - +5 falchion (protect) {Renate}
rCold   . . .        b - +5 long sword (freeze) {Jacinta}
rNeg    . . .        g - +0 steam dragon scales
rPois   .            w - +0 helmet
rElec   .            (no cloak)
rCorr   .            r - +1 pair of gloves
SInv    .            (no boots)
Will    .....        (amulet unavailable)
Stlth   +++          (ring unavailable)
HPRegen 0.35/turn    (ring unavailable)
MPRegen 0.15/turn    (no gizmo)

%: no passive effects
@: lethally poisoned (-2 -> -14), ice-armoured, under a protective aura, revved,
very slow
A: off-hand wielding, slow wielding, warmup strikes, no jewellery
a: Invent Gizmo, Renounce Religion, Bend Time, Temporal Distortion, Slouch, Step
From Time


You were on level 2 of the Lair of Beasts.
You worshipped Cheibriados.
Cheibriados was extremely pleased with you.
You visited 3 branches of the dungeon, and saw 13 of its levels.
You also visited: Ossuary.

You collected 550 gold pieces.
You spent 397 gold pieces at shops.

Inventory:

Hand Weapons
 a - a +5 falchion of protection (weapon) {Renate}
 b - a +5 long sword of freezing (offhand) {Jacinta}
 o - the +5 dagger of Makhleb's Castigation {freeze, Int+3}
   (You found it on level 1 of the Lair of Beasts)

   Int+3:     It affects your intelligence (+3).
Missiles
 p - 2 throwing nets (quivered)
Armour
 g - +0 steam dragon scales (worn)
 r - a +1 pair of gloves (worn)
 w - a +0 helmet (worn)
 D - the +1 robe "Osanaiwn" {Str-3 Int+8 Archmagi}
   (You took it off a wight on level 7 of the Dungeon)

   Str-3:     It affects your strength (-3).
   Int+8:     It affects your intelligence (+8).
   Archmagi:  It increases the power of your magical spells.
Wands
 t - a wand of polymorph (7)
 u - a wand of digging (9)
 E - a wand of flame (86)
 G - a wand of warping (7)
 H - a wand of light (7)
Scrolls
 c - 2 scrolls of amnesia
 d - a scroll of silence
 f - 2 scrolls of summoning
 i - a scroll of revelation
 k - 11 scrolls of teleportation
 l - a scroll of fear {unknown}
 q - a scroll of vulnerability {unknown}
 s - a scroll of brand weapon {unknown}
 v - a scroll of enchant armour {unknown}
 y - a scroll of immolation {unknown}
 A - a scroll of blinking {unknown}
 C - a scroll of poison {unknown}
Potions
 e - 3 potions of heal wounds
 h - a potion of brilliance
 j - a potion of mutation {unknown}
 m - 4 potions of curing
 n - 6 potions of attraction
 x - 5 potions of might {unknown}
 z - a potion of degeneration {unknown}
 B - a potion of resistance {unknown}
 F - 3 potions of magic


   Skills:
 + Level 10.0 Fighting
 + Level 10.1 Long Blades
 - Level 3.0 Armour
 + Level 5.0 Dodging
 - Level 2.0 Stealth
 - Level 4.0 Spellcasting
 - Level 7.0 Ice Magic
 * Level 5.2 Invocations


You had 2 spell levels left.
You knew the following spells:

 Your Spells              Type           Power      Damage    Failure   Level
a - Frozen Ramparts       Ice            92%        1d14      1%          3
b - Ozocubu's Armour      Ice            46%        N/A       1%          3
c - Summon Ice Beast      Ice/Summ       26%        N/A       4%          3
d - Blink                 Tloc           10%        N/A       11%         2
e - Lesser Beckoning      Tloc           10%        N/A       11%         2
f - Maxwell's Portable P  Tloc           5%         2d(5-15)  21%         3

Your spell library contained the following spells:

 Spells                   Type           Power      Damage    Failure   Level
 Freeze                   Ice            100%       1d10      1%          1
 Magic Dart               Conj           20%        1d4       7%          1
 Call Imp                 Summ           10%        N/A       11%         2
 Jinxbite                 Hex            10%        N/A       11%         2
 Static Discharge         Conj/Air       10%        3-4/arc   11%         2
 Inner Flame              Hex/Fire       5%         N/A       21%         3
 Teleport Other           Tloc           5%         N/A       21%         3
 Airstrike                Air            2%         2d(1-17)  56%         4
 Animate Armour           Summ/Erth      10%        N/A       56%         4
 Animate Dead             Necr           5%         N/A       56%         4
 Flame Wave               Conj/Fire      5%         2d5       56%         4
 Passage of Golubria      Tloc           5%         N/A       56%         4
 Sticky Flame             Fire/Alch      5%         2d4       56%         4
 Summon Lightning Spire   Summ/Air       5%         N/A       56%         4
 Borgnjor's Vile Clutch   Necr/Erth      2%         N/A       88%         5
 Lee's Rapid Deconstruct  Erth           2%         3d5*      88%         5
 Silence                  Hex/Air        2%         N/A       88%         5
 Yara's Violent Unravell  Hex/Alch       2%         3d3       88%         5
 Death Channel            Necr           2%         N/A       100%        6
 Enfeeble                 Hex            2%         N/A       100%        7
 Lehudib's Crystal Spear  Conj/Erth      2%         10d2      100%        8


Dungeon Overview and Level Annotations

Branches:
Dungeon (10/15)            Temple (1/1) D:4            Lair (2/5) D:9
Ossuary (visited)
  Swamp: Lair:2-3    Shoals: Lair:2-3     Snake: Lair:2-3    Spider: Lair:2-3
    Orc: D:9-12

Altars:
Ashenzari
Cheibriados
Dithmenos
Elyvilon
Fedhas
Gozag
Hepliaklqana
Kikubaaqudgha
Makhleb
Nemelex Xobeh
Okawaru
Ru
Sif Muna
Trog
Uskayaw
Vehumet
Wu Jian
Xom
Yredelemnul
Zin
The Shining One

Shops:
D:6 (   D:9 *

Annotations:
D:8 4 transporters


Innate Abilities, Weirdness & Mutations

You can wield a second weapon in your off-hand.
It takes a long time for you to wield or remove held weapons.
Your first few attacks do less damage.
You cannot equip rings or amulets.


Message History

The cane toad poisons your rime drake!
The bullfrog barely misses your bullfrog.
Your bullfrog hits the water moccasin.
Unknown command.
Unknown command.
You slash the skyshark with your +5 falchion of protection!
The skyshark is almost dead.
You hit the skyshark but do no damage. Your bullfrog hits the bullfrog!
The bullfrog dies!
Cheibriados thoroughly appreciates the change of pace.
Cheibriados raises the support of your attributes as your movement slows.
The water moccasin bites you.
* * * LOW HITPOINT WARNING * * *
You are more poisoned.
The water moccasin poisons you! The water moccasin bites your bullfrog!
Your bullfrog dies!
Your bullfrog's corpse dissolves into shadows!
The water moccasin bites your rime drake!
Your rime drake looks as sick as possible!
The water moccasin poisons your rime drake!
The skyshark bites you but does no damage.
The skyshark misses you. The skyshark tail-slaps you.
* * * LOW HITPOINT WARNING * * *
Your rime drake bites the cane toad but does no damage.
Your bullfrog closely misses the skyshark.
The cane toad stings your rime drake!
Your rime drake dies!
Your rime drake's corpse dissolves into shadows!
The water moccasin barely misses you.
The cane toad croaks.
You closely miss the skyshark with your +5 long sword of freezing.
The skyshark is almost dead.
You hit the skyshark but do no damage.
You feel very sick.
The cane toad is no longer encased in ice.
The skyshark bites you!
* * * LOW HITPOINT WARNING * * *
The skyshark barely misses you. The skyshark tail-slaps you!
You die...
Cheibriados appreciates the motionlessness of death.

~~...§. ...§...##
##
.P...P§..####.##
#.........).....#
.................
#......FFk.......
#.......SFFF....#.
........S@S......#
#...............#
#.....†.........#
................#
#...............+
#...............#
###.####.#.#+PP##
## #...<..###
#+##.#.#


You could see a skyshark (berserk, ally target), 2 cane toads, a rime drake, 3
water moccasins, a bullfrog and a friendly bullfrog (summoned).

Vanquished Creatures
  Erolcha (D:10)
  2 two-headed ogres
  2 cane toads (Lair:1)
  An unseen horror (D:10)
  A gargoyle (D:10)
  Maggie (D:6)
  4 komodo dragons (Lair:1)
  A rime drake (Lair:1)
  Psyche (D:9)
  A troll (D:6)
  A hornet (Lair:1)
  A wyvern (D:8)
  A vampire (D:10)
  A yak (D:9)
  2 steam dragons
  3 vampire mosquitoes (D:10)
  6 water moccasins
  5 black bears
  2 sky beasts
  3 centaurs
  An ogre (D:6)
  2 phantoms
  3 kobold brigands
  4 elf zombies (Ossuary)
  5 bullfrogs
  2 gnoll sergeants
  2 scorpions
  13 wights
  12 killer bees
  5 howler monkeys
  2 crimson imps
  4 human zombies (Ossuary)
  2 jellies
  2 centaur zombies (Ossuary)
  3 orc priests
  5 hounds
  An iguana (D:5)
  3 sleepcaps
  3 orc wizards
  A crocodile zombie (Ossuary)
  3 mummies (Ossuary)
  15 gnolls
  12 adders
  A shadow imp (D:7)
  2 ribbon worms
  11 orcs
  5 ball pythons
  5 bats
  6 endoplasms
  5 goblins
  4 hobgoblins
  4 jackals (D:3)
  18 kobolds
  2 quokkas
  3 frilled lizards
  A goblin skeleton (D:4)
  A goblin zombie (D:4)
  4 hobgoblin zombies (D:4)
  2 kobold skeletons (D:4)
  3 kobold zombies (D:4)
222 creatures vanquished.

Vanquished Creatures (collateral kills)
  A cane toad (Lair:2)
  A bullfrog (Lair:2)
  A wight (D:8)
  3 gnolls
  A kobold (D:8)
7 creatures vanquished.

Vanquished Creatures (others)
  A kobold (D:8)
1 creature vanquished.

Grand Total: 230 creatures vanquished

Notes
Turn   | Place    | Note
-------+----------+-------------------------------------------
     0 | D:1      | znke the Coglin Ice Elementalist began the quest for the
                  | Orb.
     0 | D:1      | Reached XP level 1. HP: 13/13 MP: 3/3
   414 | D:1      | Reached XP level 2. HP: 19/19 MP: 4/4
  1126 | D:2      | Reached XP level 3. HP: 23/25 MP: 2/6
  1130 | D:2      | Learned a level 3 spell: Frozen Ramparts
  1615 | D:3      | Found a radiant altar of Vehumet.
  1655 | D:3      | Reached skill level 1 in Fighting
  1760 | D:3      | Reached XP level 4. HP: 32/32 MP: 7/7
  2103 | D:3      | Found an opulent altar of Gozag.
  2171 | D:3      | Found a faded altar of an unknown god.
  2206 | D:3      | Learned a level 3 spell: Ozocubu's Armour
  2309 | D:4      | Reached XP level 5. HP: 33/37 MP: 9/9
  2440 | D:4      | Found a glowing golden altar of the Shining One.
  2522 | D:4      | Found a shimmering altar of Xom.
  2614 | D:4      | Found a sparkling altar of Nemelex Xobeh.
  2678 | D:4      | Found a staircase to the Ecumenical Temple.
  2734 | Temple   | Entered the Ecumenical Temple
  2752 | Temple   | Became a worshipper of Cheibriados the Contemplative
  2865 | D:4      | Found a sacrificial altar of Ru.
  2915 | D:4      | Learned a level 3 spell: Summon Ice Beast
  3210 | D:5      | Entered Level 5 of the Dungeon
  3227 | D:5      | Noticed a water moccasin
  3238 | D:5      | Killed a water moccasin
  3239 | D:5      | Reached skill level 5 in Ice Magic
  3239 | D:5      | Reached XP level 6. HP: 29/45 MP: 7/11
  3374 | D:5      | Noticed a sky beast
  3380 | D:5      | Learned a level 2 spell: Blink
  3398 | D:5      | Killed a sky beast
  3399 | D:5      | Reached XP level 7. HP: 45/51 MP: 3/12
  3730 | D:5      | Reached * piety under Cheibriados
  4402 | D:5      | Reached skill level 1 in Long Blades
  4402 | D:5      | Reached XP level 8. HP: 54/58 MP: 7/14
  4793 | D:6      | Noticed Maggie
  4929 | D:6      | Noticed a troll
  4941 | D:6      | Killed a troll
  4942 | D:6      | Reached skill level 1 in Armour
  5323 | D:6      | Reached ** piety under Cheibriados
  5342 | D:6      | Found Hoipselabru's Weapon Shoppe.
  5380 | D:6      | Killed Maggie
  5381 | D:6      | Reached skill level 5 in Long Blades
  5381 | D:6      | Reached XP level 9. HP: 15/66 MP: 6/15
  5697 | D:6      | Reached skill level 5 in Fighting
  5919 | D:7      | Found a sand-covered staircase.
  5928 | Ossuary  | Entered an ossuary
  6811 | D:7      | Identified the +1 robe "Osanaiwn" {Str-3 Int+8 Archmagi}
  7273 | D:8      | Reached *** piety under Cheibriados
  7274 | D:8      | Reached XP level 10. HP: 48/77 MP: 8/16
  7423 | D:8      | Noticed a two-headed ogre
  7440 | D:8      | Killed a two-headed ogre
  7729 | D:8      | Found a transporter.
  7840 | D:8      | Found a transporter.
  7869 | D:8      | Found a transporter.
  7906 | D:8      | Reached **** piety under Cheibriados
  8011 | D:8      | Found a transporter.
  8072 | D:8      | Found a burning altar of Makhleb.
  8152 | D:6      | Bought a +5 falchion of protection for 397 gold pieces
  8214 | D:9      | Noticed Psyche
  8234 | D:9      | Killed Psyche
  8348 | D:9      | Reached skill level 1 in Invocations
  8604 | D:9      | Found a staircase to the Lair.
  8879 | D:9      | Reached XP level 11. HP: 80/88 MP: 12/17
  9053 | D:9      | Found a basalt altar of Yredelemnul.
  9053 | D:9      | Found a bloodstained altar of Trog.
  9054 | D:9      | Found a shadowy altar of Dithmenos.
  9167 | D:9      | Found Moan Seps's Serpentskin Sales.
  9171 | D:9      | Reached ***** piety under Cheibriados
  9355 | D:10     | Entered Level 10 of the Dungeon
  9412 | D:10     | Found an iron altar of Okawaru.
  9573 | D:10     | Noticed a two-headed ogre
  9582 | D:10     | Killed a two-headed ogre
  9603 | D:10     | Noticed Erolcha
  9616 | D:10     | Killed Erolcha
  9732 | D:10     | Noticed a four-headed hydra
  9791 | Lair:1   | Entered Level 1 of the Lair of Beasts
  9803 | Lair:1   | Learned a level 2 spell: Lesser Beckoning
  9807 | Lair:1   | Learned a level 3 spell: Maxwell's Portable Piledriver
  9937 | Lair:1   | Identified the +5 dagger of Makhleb's Castigation {freeze,
                  | Int+3}
 10343 | Lair:1   | Reached skill level 10 in Long Blades
 10469 | Lair:1   | Identified the +6 short sword "Globulus" {speed, Int+4
                  | Dex+4}
 10733 | Lair:1   | Reached skill level 10 in Fighting
 10733 | Lair:1   | Reached skill level 5 in Invocations
 11234 | Lair:2   | Noticed a skyshark
 11243 | Lair:2   | Reached skill level 5 in Dodging
 11248 | Lair:2   | Slain by a skyshark

Illustrated notes

Levels and vault maps discovered:
D:1:      minmay_arrival_doors, layout_loops_ring
D:2:      layout_rooms, serial_glass, glass_columns_b, glass_columns_a
D:3:      layout_loops_cross, nicolae_vehumet_radiance, amcnicky_altar_gilded,
          ebering_ecumenical_altar_hall
D:4:      layout_basic, mainiacjoe_overflow_brackets,
          nicolae_tso_besieged_by_evil, mainiacjoe_overflow_large_starburst,
          minmay_temple_entry_enclosed_plants
D:5:      minmay_evil_eye, layout_gridville
D:6:      layout_basic, serial_shops, shop, uniq_maggie
D:7:      layout_loops_corners, mainiacjoe_ossuary_entry_dusty_tomb
D:8:      layout_cave_pools, makhleb_grotto_becter, roderic_nine_men_s_morris,
          nicolae_transporter_circle
D:9:      layout_roguey, gammafunk_temple_overflow_claw,
          due_lair_maze_entry_diamond, guppyfry_shop_venom, uniq_psyche
D:10:     layout_stronghold, okawaru_gym_becter, lemuel_doored_altar,
          minmay_stone_trees_small, uniq_erolcha
Temple:   chequers_temple_sunken
Lair:1:   minmay_lair_venomous_thicket, layout_layer_cave, serial_bayou_shore_a
Lair:2:   layout_roguey, skrybe_swamp_entry_bodies

Skill      XL: |  1  2  3  4  5  6  7  8  9 10 11 |
---------------+----------------------------------+-----
Spellcasting   | 2 3 4 |  4.0
Dodging        | 2 3 5 |  5.0
Stealth        | 2 |  2.0
Ice Magic      | 4 5 6 7 |  7.0
Fighting       | 1 2 3 4 6 9 10 | 10.0
Long Blades    | 1 5 8 9 10 | 10.1
Armour         | 1 2 3 |  3.0
Invocations    | 2 5 |  5.2

Action                     |  1- 3 |  4- 6 |  7- 9 | 10-12 || total
---------------------------+-------+-------+-------+-------++-------
  Melee: Unarmed           |     4 |       |       |     5 ||     9
         Dagger            |    49 |    61 |       |       ||   110
         Short sword       |    47 |   117 |   299 |    49 ||   512
         Long sword        |       |       |   213 |   146 ||   359
         Falchion          |       |       |       |    93 ||    93
  Throw: Throwing net      |       |       |     1 |     2 ||     3
   Cast: Freeze            |    20 |       |     3 |       ||    23
         Frozen Ramparts   |     2 |     5 |    27 |    24 ||    58
         Ozocubu's Armour  |       |     1 |    11 |     8 ||    20
         Summon Ice Beast  |       |       |     2 |     4 ||     6
    Use: Potion            |       |       |     3 |     2 ||     5
         Scroll            |       |       |    12 |     2 ||    14
   Stab: Sleeping          |     4 |     3 |     1 |     1 ||     9
         Held in net/web   |       |       |     1 |     4 ||     5
         Distracted        |       |       |     2 |     1 ||     3
 Armour: Robe              |    38 |    44 |    52 |       ||   134
         Leather armour    |       |       |    46 |       ||    46
         Steam dragon scal |       |       |    80 |   137 ||   217
         Skin              |       |       |       |     2 ||     2
  Dodge: Dodged            |    61 |    48 |   169 |   175 ||   453

Table legend: (Time is in decaauts)
 A = Elapsed time spent in this place.
 B = Non-inter-level travel time spent in this place.
 C = Inter-level travel time spent in this place.
 D = Time resting spent in this place.
 E = Time spent auto-exploring this place.
 F = Levels seen in this place.
 G = Mean time per level.
                   A        B        C        D        E       F      G
               +--------+--------+--------+--------+--------+-----+--------+
         Total |  14515 |  13645 |    870 |    138 |  11215 |  14 | 1036.8 |
       Dungeon |  11772 |  10974 |    798 |    138 |   8869 |  10 | 1177.2 |
        Temple |     42 |      2 |     40 |      0 |      0 |   1 |   42.0 |
          Lair |   2419 |   2389 |     30 |      0 |   2209 |   2 | 1209.5 |
       Ossuary |    280 |    280 |      0 |      0 |    135 |   1 |  280.0 |
               +--------+--------+--------+--------+--------+-----+--------+

Top non-repeatable levels by time:
  Lair:1: 2393 daAuts
     D:5: 1743 daAuts
     D:9: 1663 daAuts
     D:7: 1503 daAuts
     D:6: 1493 daAuts
     D:8: 1341 daAuts
     D:4: 1054 daAuts
     D:3: 900 daAuts
     D:1: 884 daAuts
    D:10: 668 daAuts
     D:2: 520 daAuts
 Ossuary: 280 daAuts
  Temple: 42 daAuts
  Lair:2: 25 daAuts
